 Seeded DCSS version 0.28.0-43-g3370ac3207 (webtiles) character file.

Game seed: 7398478755600371734 (custom seed)

8 hikkokomori the Magician (level 2, -1/19 HPs)
             Began as a Demonspawn Hedge Wizard on Mar 1, 2022.
             Frozen to death by an endoplasm (5 damage)
             ... on level 1 of the Dungeon.
             The game lasted 00:01:22 (715 turns).

hikkokomori the Magician (Demonspawn Hedge Wizard)   Turns: 715, Time: 00:01:23

Health: -1/19      AC:  2    Str: 10    XL:     2   Next: 0%
Magic:  3/6        EV: 12    Int: 15    God:
Gold:   19         SH:  0    Dex: 12    Spells: 6/7 levels left

rFire   . . .      SeeInvis .   a - +0 dagger
rCold   . . .      Faith    .   (no shield)
rNeg    . . .      Spirit   .   b - +0 robe
rPois   .          Reflect  .   c - +0 hat
rElec   .          Harm     .   (no cloak)
rCorr   .          Rampage  .   (no gloves)
Will    .....                   (no boots)
Stlth   ++........              (no amulet)
HPRegen 0.06/turn               (no ring)
MPRegen 0.10/turn               (no ring)

@: no status effects
A: spiny 1
a: no special abilities


You were on level 1 of the Dungeon.
You visited 1 branch of the dungeon, and saw 1 of its levels.

You collected 19 gold pieces.

Inventory:

Hand Weapons
 a - a +0 dagger (weapon)
Armour
 b - a +0 robe (worn)
 c - a +0 hat (worn)


   Skills:
 - Level 1.8 Dodging
 + Level 1.9 Stealth
 * Level 3.1 Spellcasting
 + Level 1.2 Conjurations
 + Level 1.2 Summonings
 - Level 0.9 Translocations


You had 6 spell levels left.
You knew the following spells:

 Your Spells              Type           Power      Damage    Failure   Level
a - Magic Dart            Conj           24%        1d4       12%         1

Your spell library contained the following spells:

 Spells                   Type           Power      Damage    Failure   Level
 Call Imp                 Summ           6%         N/A       19%         2
 Slow                     Hex            8%         N/A       21%         1
 Blink                    Tloc           10%        N/A       21%         2
 Conjure Flame            Conj/Fire      4%         6-21      43%         3
 Mephitic Cloud           Conj/Pois/Air  3%         N/A       45%         3


Dungeon Overview and Level Annotations

Branches:
Dungeon (1/15)

Altars:

Shops:
D:1 *


Innate Abilities, Weirdness & Mutations

You are partially covered in sharp spines.


Message History

You are too injured to fight recklessly!
You are too injured to fight recklessly!
You are too injured to fight recklessly!
You are too injured to fight recklessly!
You are too injured to fight recklessly!
Unknown command.
The endoplasm is struck by your spines. The endoplasm misses you.
There is an open door here.
Sorry, you're not good enough to have a special ability.
Casting: Magic Dart (safe; 12% risk of failure)
Confirm with . or Enter, or press ? or * to list all spells.
You don't know that spell.
Casting: Magic Dart (safe; 12% risk of failure)
Confirm with . or Enter, or press ? or * to list all spells.
Aiming: Magic Dart (safe; 12% risk of failure)
Press: ? - help, Shift-Dir - straight line, f - endoplasm
Aim: an endoplasm (lightly wounded, 100% to hit)
The magic dart hits the endoplasm.
The endoplasm is moderately wounded.
The endoplasm closely misses you.
Unknown command.
Casting: Magic Dart (safe; 12% risk of failure)
Confirm with . or Enter, or press ? or * to list all spells.
Aiming: Magic Dart (safe; 12% risk of failure)
Press: ? - help, Shift-Dir - straight line, f/p - endoplasm
Aim: an endoplasm (moderately wounded, 100% to hit)
The magic dart hits the endoplasm.
The endoplasm is heavily wounded.
The endoplasm closely misses you.
Unknown command.
Casting: Magic Dart (safe; 12% risk of failure)
Confirm with . or Enter, or press ? or * to list all spells.
Aiming: Magic Dart (safe; 12% risk of failure)
Press: ? - help, Shift-Dir - straight line, f/p - endoplasm
Aim: an endoplasm (heavily wounded, 100% to hit)
The magic dart hits the endoplasm.
The endoplasm is almost dead.
The endoplasm freezes you.
You are frozen.
You die...

.# ##.###.####.#####.####'## ##
##.# #.# #.# #..##....
.#.#.......###.# #.######.##....
...#.........#.# #.........'....
.#.#.........#.# ########.##....
#.#.........#.# #..#....
#.#...........# ##.#####
+#.............############.#####
..............JJ@................
..............g##.....#####.####.
...#+####......##.....# #.## #.
........##.....######## #..# #.
........##.....# ##.# #.
........##.....# #.###+
...........##### #.#...
############ #.#... #.#...


You could see 2 endoplasms and a hobgoblin.

Vanquished Creatures
  A bat (D:1)
  2 endoplasms (D:1)
  A goblin (D:1)
  A quokka (D:1)
  A frilled lizard (D:1)
  A rat (D:1)
7 creatures vanquished.

Notes
Turn   | Place    | Note
-------+----------+-------------------------------------------
     0 | D:1      | hikkokomori the Demonspawn Hedge Wizard began the quest for
                  | the Orb.
     0 | D:1      | Reached XP level 1. HP: 13/13 MP: 4/4
   527 | D:1      | Found Refaucue's General Store.
   689 | D:1      | Gained mutation: You are partially covered in sharp spines.
                  | [demonic ancestry]
   689 | D:1      | Reached XP level 2. HP: 19/19 MP: 6/6
   715 | D:1      | Frozen to death by an endoplasm

Illustrated notes

Levels and vault maps discovered:
D:1:      evilmike_arrival_plus, layout_basic, serial_shops,
          nicolae_diamond_shop, basic_ecumenical_altar, minmay_box_of_dots

Action                   || total
-------------------------++-------
Melee: Dagger            ||    20
       Punch             ||     1
 Cast: Magic Dart        ||     3
 Stab: Sleeping          ||     3
Armor: Robe              ||     2
Dodge: Dodged            ||     9
